 Dungeon Crawl Stone Soup version 0.23.1 (webtiles) character file.

Game seed: 17490071468298452186

3097 dvd the Destroyer (level 9, -8/57 HPs)
             Began as an Octopode Conjurer on Mar 10, 2019.
             Was a Follower of Vehumet.
             Shot with an arrow by a centaur (12 damage)
             ... on level 7 of the Dungeon.
             The game lasted 00:32:22 (10656 turns).

dvd the Destroyer (Octopode Conjurer)              Turns: 10656, Time: 00:32:23

Health: -8/57      AC:  1    Str:  7    XL:     9   Next: 90%
Magic:  6/18       EV: 14    Int: 20    God:    Vehumet [*.....]
Gold:   261        SH:  6    Dex: 11    Spells: 10/21 levels left

rFire    . . .     SeeInvis .   u - +2 dagger (drain)
rCold    + + .     Gourm    .   x - +2 buckler {rC+}
rNeg     . . .     Faith    .   (helmet restricted)
rPois    .         Spirit   .   (no amulet)
rElec    .         Reflect  .   y - ring of stealth
rCorr    .         Harm     .   (no ring)
MR       .....                  (no ring)
Stlth    +++++.....             (no ring)
HPRegen  0.19/turn              (no ring)
MPRegen  0.16/turn              (no ring)
                                (no ring)
                                (no ring)

@: studying Conjurations
A: almost no armour, stealthy swim, amphibious, 8 rings, constrict 8, tentacle
spike 1, camouflage 1, clumsy 1, cold resistance 1, gelatinous body 1
a: Renounce Religion


You were on level 7 of the Dungeon.
You worshipped Vehumet.
Vehumet was aware of your devotion.
You were not hungry.

You visited 2 branches of the dungeon, and saw 8 of its levels.
You also visited: Ossuary.

You collected 261 gold pieces.

Inventory:

Hand Weapons
 d - a +3 halberd
 g - a +1 whip of flaming
 o - a +0 war axe
 p - a +0 rapier
 u - a +2 dagger of draining (weapon)
 v - a +2 mace of holy wrath
Armour
 x - a +2 buckler of cold resistance (worn)
Jewellery
 y - a ring of stealth (left tentacle)
Wands
 l - a wand of iceblast (6)
 z - a wand of polymorph (10)
Scrolls
 c - 10 scrolls of identify
 e - a scroll of blinking
 h - 3 scrolls of teleportation
 m - a scroll of magic mapping
 t - 2 scrolls of remove curse
Potions
 a - a potion of berserk rage {unknown}
 f - 4 potions of haste
 j - 2 potions of degeneration
 k - a potion of agility {unknown}
 n - a potion of ambrosia {unknown}
 q - 2 potions of mutation
 r - a potion of flight {unknown}
 s - 2 potions of curing
Books
 i - a manual of Conjurations
Comestibles
 b - 7 rations


   Skills:
 + Level 3.6 Fighting
 + Level 3.7 Short Blades
 + Level 0.5 Maces & Flails
 + Level 2.2 Polearms
 + Level 5.0 Dodging
 + Level 5.8 Stealth
 * Level 2.1 Shields
 + Level 6.6 Spellcasting
 * Level 9.1 Conjurations
 + Level 1.5 Hexes
 + Level 1.0 Translocations
 + Level 1.0 Evocations


You had 10 spell levels left.
You knew the following spells:

 Your Spells              Type           Power        Failure   Level  Hunger
a - Magic Dart            Conj           ####         1%          1    None
b - Searing Ray           Conj           #####.       1%          2    None
c - Dazzling Spray        Conj/Hex       ####..       4%          3    #......
e - Force Lance           Conj/Tloc      ####....     16%         4    ###....
f - Shock                 Conj/Air       ###.         1%          1    None

Your spell library contained the following spells:

 Spells                   Type           Power        Failure   Level  Hunger
 Iskenderun's Mystic Bla  Conj           #####...     3%          4    ###....
 Confusing Touch          Hex            ##....       7%          1    None
 Apportation              Tloc           ##....       9%          1    None
 Animate Skeleton         Necr           N/A          13%         1    None
 Summon Small Mammal      Summ           #...         13%         1    None
 Fulminant Prism          Conj/Hex       ####......   14%         4    ###....


Dungeon Overview and Level Annotations

Branches:
Dungeon (7/15)             Temple (1/1) D:4

Altars:
Ashenzari
Dithmenos
Elyvilon
Fedhas
Gozag
Hepliaklqana
Kikubaaqudgha
Makhleb
Nemelex Xobeh
Okawaru
Sif Muna
Vehumet
Wu Jian
Xom
Yredelemnul
The Shining One

Shops:
D:4 *   D:5 (

Annotations:
D:3 Edmund


Innate Abilities, Weirdness & Mutations

You cannot wear most types of armour.
You are very stealthy in the water. (Stealth+)
You are amphibious.
You can wear up to eight rings at the same time.
You can use your tentacles to constrict eight enemies at once.
Your skin changes colour to match your surroundings (Stealth+).
Your rubbery body absorbs attacks. (AC +1, EV +1)
One of your tentacles bears a spike.
You are clumsy. (Dex -2)
Your flesh is cold resistant. (rC+)


Message History

The spray of energy misses the centaur.
The spray of energy hits the necrophage!
The necrophage is almost destroyed.
The centaur hits you. The necrophage hits you.
Unknown command.
You hit the centaur.
You pierce the centaur, but do no damage.
The centaur is severely wounded.
You block the centaur's attack. The necrophage hits you!
* * * LOW HITPOINT WARNING * * *
The centaur hits you.
* * * LOW HITPOINT WARNING * * *
You feel better. The centaur hits you.
* * * LOW HITPOINT WARNING * * *
The necrophage hits you!
* * * LOW HITPOINT WARNING * * *
Unknown command.
The centaur wields a +0 shortbow.
The centaur shoots an arrow.
The arrow hits you!
You die...

#....#...####...##..##...
#....#....##....##..##...
##............###...##..#
#..##....##..<.........#
##.##.##.......#...##..#
#..##.##...####...>.....
......(#...###..........
#.................##...
#####@.............##.
##.(..........# #
#nc..........
...........##...
#.......$..# ..
....#......... .
....##........#. ...>
##......## # ... .......#


You could see a centaur.

Vanquished Creatures
  Pikel (D:6)
  Grinder (D:3)
  Sigmund (D:3)
  Eustachio (D:6)
  2 ice beasts (D:6)
  A slave (D:5)
  A phantom (D:6)
  2 sky beasts
  A crocodile (D:5)
  4 centaurs
  Blork the orc (D:6)
  An elf zombie (Ossuary)
  2 centaur zombies
  4 crimson imps
  An orc priest (D:5)
  A human zombie (Ossuary)
  5 hounds
  4 orc wizards
  Crazy Yiuf (D:6)
  A centaur skeleton (D:5)
  An iguana (D:6)
  8 worker ants
  A killer bee zombie (D:4)
  A big kobold zombie (Ossuary)
  A hound skeleton (D:5)
  2 mummies (Ossuary)
  8 gnolls
  7 adders
  2 shadow imps (D:7)
  An ooze (D:2)
  An adder zombie (Ossuary)
  2 adder skeletons
  4 worms
  A dart slug (D:1)
  3 leopard geckos
  17 orcs
  2 ball pythons
  4 giant cockroaches
  5 goblins
  6 hobgoblins
  3 jackals (D:3)
  2 kobolds (D:1)
  6 quokkas
  3 bats
  4 frilled lizards
  A goblin zombie (Ossuary)
  10 hobgoblin zombies (Ossuary)
  2 jackal zombies (Ossuary)
  10 kobold zombies (Ossuary)
  9 orc zombies (Ossuary)
  A quokka zombie (D:6)
  7 rats
  A rat zombie (Ossuary)
172 creatures vanquished.

Notes
Turn   | Place    | Note
-------+----------+-------------------------------------------
     0 | D:1      | dvd the Octopode Conjurer began the quest for the Orb.
     0 | D:1      | Reached XP level 1. HP: 11/11 MP: 3/3
     9 | D:1      | Noticed an ogre
   291 | D:1      | Reached XP level 2. HP: 17/17 MP: 5/5
   912 | D:2      | Gained mutation: Scrolls take you a little longer to read.
                  | [potion of mutation]
   912 | D:2      | Gained mutation: You are partially covered in rugged brown
                  | scales. (AC +1, +3% HP) [potion of mutation]
  1230 | D:2      | Reached XP level 3. HP: 21/21 MP: 0/6
  1234 | D:2      | Learned a level 2 spell: Searing Ray
  1246 | D:2      | Learned a level 3 spell: Dazzling Spray
  2375 | D:3      | Reached skill level 5 in Conjurations
  2375 | D:3      | Reached XP level 4. HP: 23/27 MP: 0/8
  2523 | D:3      | Noticed Sigmund
  2530 | D:3      | Killed Sigmund
  2530 | D:3      | Reached XP level 5. HP: 31/31 MP: 2/10
  2530 | D:3      | Reached XP level 6. HP: 37/37 MP: 2/11
  2640 | D:3      | Learned a level 4 spell: Iskenderun's Mystic Blast
  2724 | D:3      | Reached skill level 1 in Short Blades
  2899 | D:3      | Found a white marble altar of Elyvilon.
  3149 | D:3      | Noticed Grinder
  3162 | D:3      | Paralysed by Grinder for 5 turns
  3172 | D:3      | Paralysed by Grinder for 6 turns
  3179 | D:3      | Killed Grinder
  3179 | D:3      | Reached XP level 7. HP: 23/43 MP: 1/13
  3571 | D:4      | Found a deep blue altar of Sif Muna.
  3592 | D:4      | Found Fifeack's Lightly-Used Armoury.
  3711 | D:4      | Noticed Edmund
  3714 | D:4      | Found a sand-covered staircase.
  3752 | Ossuary  | Entered an ossuary
  3930 | Ossuary  | Reached skill level 6 in Conjurations
  3942 | Ossuary  | Reached skill level 1 in Fighting
  3954 | Ossuary  | Reached skill level 5 in Spellcasting
  3984 | Ossuary  | HP: 2/44 [human zombie (7)]
  4747 | D:4      | Found a staircase to the Ecumenical Temple.
  4846 | Temple   | Entered the Ecumenical Temple
  5198 | D:4      | Lost mutation: You are partially covered in rugged brown
                  | scales. (AC +1, +3% HP) [potion of mutation]
  5198 | D:4      | Lost mutation: Scrolls take you a little longer to read.
                  | [potion of mutation]
  5198 | D:4      | Gained mutation: You are clumsy. (Dex -2) [potion of
                  | mutation]
  5198 | D:4      | Gained mutation: One of your tentacles bears a spike.
                  | [potion of mutation]
  5198 | D:4      | Gained mutation: Your flesh is cold resistant. (rC+)
                  | [potion of mutation]
  5243 | D:4      | Reached XP level 8. HP: 46/48 MP: 9/15
  6081 | D:5      | Entered Level 5 of the Dungeon
  7153 | D:4      | Reached skill level 1 in Evocations
  7444 | D:5      | Reached skill level 5 in Stealth
  7863 | D:5      | Learned a level 4 spell: Force Lance
  7876 | D:5      | Found Uryb Hen's Antique Weapon Emporium.
  7970 | D:5      | Found a radiant altar of Vehumet.
  7973 | D:5      | Became a worshipper of Vehumet
  8268 | D:5      | Reached skill level 1 in Hexes
  8697 | D:5      | Reached XP level 9. HP: 51/55 MP: 13/18
  8799 | D:6      | Reached skill level 7 in Conjurations
  8866 | D:6      | Found a radiant altar of Vehumet.
  9101 | D:6      | Noticed Pikel
  9183 | D:6      | Reached skill level 1 in Polearms
  9532 | D:6      | Noticed Blork the orc
  9545 | D:6      | Killed Blork the orc
  9694 | D:6      | Identified a scroll of acquirement
  9806 | D:6      | Found a runed translucent door.
  9807 | D:6      | Noticed Crazy Yiuf
  9813 | D:6      | Killed Crazy Yiuf
  9813 | D:6      | Reached skill level 8 in Conjurations
  9868 | D:6      | Noticed Eustachio
  9876 | D:6      | Killed Eustachio
  9876 | D:6      | Reached * piety under Vehumet
  9876 | D:6      | Offered knowledge of Shock by Vehumet.
  9880 | D:6      | Learned a level 1 spell: Shock
 10219 | D:6      | Killed Pikel
 10219 | D:6      | Reached skill level 5 in Dodging
 10219 | D:6      | Reached skill level 1 in Shields
 10219 | D:6      | Reached skill level 9 in Conjurations
 10219 | D:6      | Reached skill level 1 in Translocations
 10455 | D:7      | Found a hazy altar of Hepliaklqana.
 10656 | D:7      | Shot with an arrow by a centaur

Skill      XL: |  1  2  3  4  5  6  7  8  9 |
---------------+----------------------------+-----
Stealth        | 3 4 5 |  5.8
Conjurations   | 5 6 9 |  9.1
Spellcasting   | 3 4 5 6 |  6.6
Short Blades   | 1 3 |  3.7
Fighting       | 1 2 3 |  3.6
Dodging        | 3 4 5 |  5.0
Evocations     | 1 |  1.0
Hexes          | 1 |  1.5
Polearms       | 2 |  2.2
Shields        | 2 |  2.1
Translocations | 1 |  1.0
Maces & Flails | |  0.5

Action                   |  1- 3 |  4- 6 |  7- 9 || total
-------------------------+-------+-------+-------++-------
Melee: Short sword       |    26 |    20 |   126 ||   172
       Constrict         |     9 |     4 |    47 ||    60
       Tentacles         |     6 |     2 |    31 ||    39
       Unarmed           |       |       |     1 ||     1
       Rapier            |       |       |     4 ||     4
       Halberd           |       |       |    45 ||    45
       Kick              |       |       |    13 ||    13
       Dagger            |       |       |    17 ||    17
       Spear             |       |       |     3 ||     3
       Mace              |       |       |     2 ||     2
 Cast: Magic Dart        |    57 |    20 |   119 ||   196
       Searing Ray       |     1 |     4 |    56 ||    61
       Dazzling Spray    |       |       |    19 ||    19
       Iskenderun's Myst |       |       |     8 ||     8
       Force Lance       |       |       |     4 ||     4
Evoke: Wand              |       |       |     8 ||     8
  Use: Scroll            |     5 |       |     8 ||    13
       Potion            |     1 |       |     6 ||     7
 Stab: Sleeping          |       |       |     5 ||     5
       Invisible         |       |       |     4 ||     4
  Eat: Chunk             |     5 |     2 |    20 ||    27
       Ration            |       |       |     2 ||     2
Armor: Skin              |     6 |     2 |    21 ||    29
Dodge: Dodged            |    20 |    18 |   194 ||   232
Block: Buckler           |       |       |    13 ||    13
